AoeStats
← Bandolero

Arabia

508341699Analyzed
1v1 RM · 10d ago on Sep 22, 2026· 44m 55s· 2 players
Game mode
Random Map
Map size
Tiny (2 player)
Population
200
Speed
Normal
Resources
Standard
Victory
Conquest
Starting age
Dark Age
Ending age
Imperial Age
RankedLock teamsTeams togetherTeam positionsShared explorationLock speedFull tech treeHidden civsTurbo modeCheats
Victory
Defeat
🇦🇷 Maya · Argentina
1335
+15
🇲🇽 Celts · Mexico
1307
-15
[COBRA]HECTTOR
8:04 Loom
10:38 Feudal Age
11:02 Man-at-Arms
11:47 Double-Bit Axe
13:05 Horse Collar
18:20 Fletching
22:05 Castle Age
20:43 Padded Archer Armor
20:55 Gold Mining
22:51 Bodkin Arrow
22:30 Elite Skirmisher
25:09 Town Watch
26:49 Leather Archer Armor
29:04 Husbandry
29:12 Scale Barding Armor
32:13 Forging
33:17 Wheelbarrow
38:13 Imperial Age
37:11 Hand Cart
38:18 Heavy Scorpion
39:31 Ring Archer Armor
38:34 Light Cavalry
40:42 Siege Engineers
42:53 Ballistics
Bandolero
0:27 Loom
9:02 Feudal Age
9:54 Double-Bit Axe
12:37 Fletching
20:47 Castle Age
19:01 Padded Archer Armor
19:11 Gold Mining
20:50 Crossbowman
21:28 Bodkin Arrow
23:02 Bow Saw
26:24 Leather Archer Armor
27:03 Wheelbarrow
26:13 Town Watch
28:49 Stone Mining
34:53 Imperial Age
32:48 Ballistics
33:56 Thumb Ring
36:07 Stone Shaft Mining
34:59 Arbalester
36:45 Chemistry
37:37 Two-Man Saw
36:49 Bracer
38:43 Conscription
38:24 Hul'che Javelineers
39:01 Ring Archer Armor
38:31 Scale Mail Armor
38:42 Forging
38:31 Elite Skirmisher
38:39 Capped Ram
39:13 Eagle Warrior
40:16 Squires
40:50 Chain Mail Armor
40:38 Elite Eagle Warrior
42:08 Iron Casting
43:31 Plate Mail Armor
44:34 Arson
45:57 Blast Furnace
Connection lost

Rejoining the realm…

Still unreachable

The connection could not be restored.

Session expired

The server has moved on; the page needs a fresh start.